 Dungeon Crawl Stone Soup version 0.25.0-37-gb73750e0fb (webtiles) character file.

Game seed: 4767021837360677360

196 ANON1729 the Ducker (level 5, -3/28 HPs)
             Began as a Spriggan Abyssal Knight on July 8, 2020.
             Was a Believer of Lugonu.
             Slain by an orc wizard
             ... wielding a +0 dagger
              (4 damage)
             ... on level 5 of the Dungeon.
             The game lasted 00:04:00 (3558 turns).

ANON1729 the Ducker (Spriggan Abyssal Knight)       Turns: 3558, Time: 00:04:00

Health: -3/28      AC:  3    Str:  8    XL:     5   Next: 45%
Magic:  7/7        EV: 20    Int: 13    God:    Lugonu [**....]
Gold:   137        SH:  0    Dex: 17    Spells: 4/4 levels left

rFire    . . .     SeeInvis +   g - +1 short sword (elec)
rCold    . . .     Gourm    .   (shield restricted)
rNeg     . . .     Faith    .   b - +0 robe
rPois    .         Spirit   .   (helmet restricted)
rElec    .         Reflect  .   u - +0 cloak
rCorr    .         Harm     .   (gloves unavailable)
MR       .....                  (boots unavailable)
Stlth    +++.......             f - amulet of the acrobat
HPRegen  0.09/turn              (no ring)
MPRegen  0.10/turn              (no ring)

@: very quick
A: very small, unfitting armour, see invisible, herbivore, speed 3, slow
metabolism 2
a: Depart the Abyss, Bend Space, Renounce Religion


You were on level 5 of the Dungeon.
You worshipped Lugonu.
Lugonu was pleased with you.
You were not hungry.

You visited 1 branch of the dungeon, and saw 5 of its levels.
You visited the Abyss 1 time.

You collected 137 gold pieces.

Inventory:

Hand Weapons
 a - a +1 short sword
 e - a +0 dagger of speed
 g - a +1 short sword of electrocution (weapon)
 s - a +0 rapier of speed
 w - the +2 trident "Jehudu" {venom, Int+2 SInv Stlth-}
   (You found it on level 6 of the Dungeon)

   It poisons the flesh of those it strikes.
   It affects your intelligence (+2).
   It lets you see invisible.
   It makes you less stealthy.
Armour
 b - a +0 robe (worn)
 u - a +0 cloak (worn)
Jewellery
 f - an amulet of the acrobat (around neck)
Scrolls
 d - a scroll of random uselessness {unknown}
 h - 2 scrolls of amnesia {unknown}
 i - a scroll of enchant armour {unknown}
 l - a scroll of fog {unknown}
 m - 3 scrolls of identify {unknown}
 n - 2 scrolls of remove curse {unknown}
 p - a scroll of teleportation {unknown}
 q - 4 scrolls of magic mapping {unknown}
Potions
 j - a potion of degeneration {unknown}
 k - 2 potions of haste {unknown}
 o - a potion of invisibility {unknown}
 r - a potion of lignification {unknown}
 t - a potion of curing {unknown}
 v - a potion of heal wounds {unknown}
Comestibles
 c - 3 rations


   Skills:
 + Level 3.3 Fighting
 + Level 4.0 Short Blades
 + Level 4.5 Dodging
 + Level 3.7 Stealth
 + Level 2.0 Invocations


You had 4 spell levels left.
You didn't know any spells.
Your spell library was empty.

Dungeon Overview and Level Annotations

Branches:
Dungeon (6/15)
 Temple: D:4-7

Altars:
Cheibriados
Hepliaklqana
Makhleb
Nemelex Xobeh
Qazlal
Vehumet
Yredelemnul


Innate Abilities, Weirdness & Mutations

You are very small and have problems with some larger weapons.
You are too small for most types of armour.
You have supernaturally acute eyesight. (SInv)
You are a herbivore.
You cover ground extremely quickly.
You need to consume almost no food.


Message History

The orc wizard hits you but does no damage.
The worm bites you but does no damage.
Unknown command.
The orc wizard completely misses you.
The orc wizard casts a spell.
The orc wizard blinks!
There is a stone staircase leading up here.
The orc wizard misses you.
You climb upwards.
There is a stone staircase leading down here.
You closely miss the orc wizard. The orc wizard misses you.
You barely miss the orc wizard.
The orc wizard hits you with a +0 dagger.
* * * LOW HITPOINT WARNING * * *
The orc wizard casts a spell at you. The puff of frost misses you.
You hit the orc wizard.
The orc wizard is lightly wounded.
The orc wizard hits you with a +0 dagger.
You die... ######### #...@o..# #.#####.#

You could see an orc wizard (fast).

Vanquished Creatures
  A bullfrog zombie (D:6)
  A worker ant (D:6)
  An adder (D:2)
  4 gnolls
  An ooze (D:3)
  An adder zombie (D:6)
  4 worms
  4 dart slugs
  A leopard gecko (D:2)
  9 bats
  2 giant cockroaches
  9 goblins
  7 hobgoblins
  2 jackals (D:1)
  2 ball pythons (D:2)
  4 frilled lizards
  10 kobolds
  5 rats
68 creatures vanquished.

Notes
Turn   | Place    | Note
-------+----------+-------------------------------------------
     0 | Abyss:1  | ANON1729 the Spriggan Abyssal Knight began the quest for
                  | the Orb.
     0 | Abyss:1  | Reached XP level 1. HP: 11/11 MP: 3/3
    85 | Abyss:1  | Noticed a spatial vortex
    87 | Abyss:1  | Noticed a spatial maelstrom
   102 | Abyss:1  | Noticed a raiju
   108 | Abyss:1  | Noticed a large abomination
   114 | D:1      | Escaped the Abyss
   900 | D:1      | Reached XP level 2. HP: 15/16 MP: 4/4
   944 | D:1      | Reached * piety under Lugonu
  1060 | D:1      | Reached skill level 1 in Stealth
  1060 | D:1      | Reached XP level 3. HP: 20/20 MP: 5/5
  1901 | D:2      | Found a hazy altar of Hepliaklqana.
  1915 | D:2      | Found a sparkling altar of Nemelex Xobeh.
  2073 | D:2      | Reached XP level 4. HP: 18/24 MP: 6/6
  2309 | D:2      | Found a radiant altar of Vehumet.
  2310 | D:2      | Found a burning altar of Makhleb.
  2404 | D:2      | Found a snail-covered altar of Cheibriados.
  2529 | D:2      | Reached ** piety under Lugonu
  2806 | D:3      | Found a stormy altar of Qazlal.
  2922 | D:3      | You fall into a shaft and drop 3 floors!
  2930 | D:6      | Reached XP level 5. HP: 27/28 MP: 7/7
  3260 | D:6      | Found a basalt altar of Yredelemnul.
  3511 | D:6      | Got a bone trident
  3512 | D:6      | Identified the +2 trident "Jehudu" {venom, Int+2 SInv
                  | Stlth-} (You found it on level 6 of the Dungeon)
  3555 | D:5      | Entered Level 5 of the Dungeon
  3557 | D:5      | HP: 1/28 [orc wizard/+0 dagger (2)]
  3558 | D:5      | Slain by an orc wizard

Illustrated notes

Levels and vault maps discovered:
D:1:      dpeg_arrival_stonehenge_8_columns, layout_loops_corners
D:2:      layout_basic, gammafunk_temple_overflow_statue, lemuel_doored_altar,
          kennysheep_slug_shrine, lemuel_crystal_altar
D:3:      layout_rooms, grunt_dithmenos_smoke, nicolae_qazlal_eye_of_the_storm,
          portal_sewer_entry_a, nicolae_underground_beach
D:5:      layout_loops_cross
D:6:      layout_layer_cave, nicolae_overflow_crystal_walls

Skill      XL: |  1  2  3  4  5 |
---------------+----------------+-----
Fighting       | 3 |  3.3
Stealth        | 1 2 3 |  3.7
Invocations    | 2 |  2.0
Short Blades   | 3 4 |  4.0
Dodging        | 4 |  4.5

Action                   |  1- 3 |  4- 6 || total
-------------------------+-------+-------++-------
Melee: Short sword       |    94 |    83 ||   177
       Dagger            |    10 |       ||    10
Invok: Depart the Abyss  |     1 |       ||     1
 Stab: Sleeping          |     8 |     7 ||    15
       Distracted        |     1 |       ||     1
Armor: Robe              |    10 |     6 ||    16
Dodge: Dodged            |    67 |    68 ||   135
